 Dungeon Crawl Stone Soup version 0.16.1-51-g6203257 (webtiles) character file.

274 teebee the Skirmisher (level 6, -1/58 HPs)
             Began as a Hill Orc Fighter on Aug 8, 2015.
             Succumbed to an orc wizard's poison
             ... on level 3 of the Dungeon.
             The game lasted 00:08:05 (2552 turns).

teebee the Skirmisher (Hill Orc Fighter)            Turns: 2552, Time: 00:08:05

Health: -1/58      AC:  8    Str: 20    XL:     6   Next: 24%
Magic:  6/6        EV:  7    Int: 13    God:
Gold:   81         SH:  9    Dex: 11    Spells: 0 memorised, 5 levels left

rFire  . . .     SeeInvis .     a - +0 long sword
rCold  . . .     Clarity  .     b - +0 scale mail
rNeg   . . .     SustAb   .     c - +0 shield
rPois  .         Gourm    .     (no helmet)
rElec  .         Spirit   .     (no cloak)
rCorr  .         Warding  .     (no gloves)
rMut   .         Stasis   .     p - +0 pair of boots
MR     .....                    (no amulet)
Stlth  ..........               (no ring)
                                (no ring)

@: brilliant, lethally poisoned (-1 -> -52), not resistant to hostile
enchantments, extremely unstealthy
A: no striking features
a: no special abilities


You were on level 3 of the Dungeon.
You were very hungry.

You visited 1 branch of the dungeon, and saw 3 of its levels.

You collected 81 gold pieces.

Inventory:

Hand weapons
 a - a +0 long sword (weapon)
 k - a +0 hunting sling
Missiles
 i - 5 poisoned needles
 v - 15 sling bullets
 x - 18 stones (quivered)
Armour
 b - a +0 scale mail (worn)
 c - a +0 shield (worn)
 p - a +0 pair of boots (worn)
 s - a +0 pair of boots
 t - a +0 scale mail
Magical staves
 y - an uncursed staff of poison
Jewellery
 h - a cursed ring of teleportation
 A - an uncursed ring of ice {unknown}
Scrolls
 j - 2 scrolls of identify
 l - 5 scrolls of remove curse {unknown}
 m - a scroll of immolation {unknown}
 o - a scroll of enchant armour {unknown}
 w - a scroll of noise {unknown}
 z - a scroll of blinking {unknown}
Potions
 e - a potion of might
 f - a potion of brilliance
 n - a potion of heal wounds {unknown}
 u - a potion of magic {unknown}
Comestibles
 d - 2 meat rations
 g - 2 bread rations
 q - 3 fruits
 r - 4 chunks of flesh


   Skills:
 * Level 6.3 Fighting
 * Level 4.8 Long Blades
 - Level 3.4 Armour
 - Level 3.5 Shields


You had 5 spell levels left.
You didn't know any spells.

Dungeon Overview and Level Annotations

Branches:
Dungeon (3/15)

Altars:


Message History

You feel very sick. Something hits you.
* * * LOW HITPOINT WARNING * * *
You are more poisoned.
You miss something.
* * * LOW HITPOINT WARNING * * *
You feel very sick. Something hits you but does no damage.
You are more poisoned.
You closely miss something.
* * * LOW HITPOINT WARNING * * *
You feel very sick.
An orc wizard appears from thin air!
Reactivating autopickup.
The orc wizard hits you but does no damage.
You are more poisoned.
Drink which item? (? for menu, Esc to quit)
It was a potion of brilliance.
You feel clever all of a sudden.
You die...

##..............
#.............(.
#...............
#...#.######....
#...#........... ##
#...#.....###.## ###.
#...#.....# #.#.
####...#######...#.....# #.#.
............o@....#.....###.#.
.........$.###############....
......#............ ..##....
... #....############.##.... .
##..... #)....#.##.... ##...##
#...#.##.... ##..# # #
#.#......... ##..
#.#.#.#.#...)... .
#......#.#.######.#


You could see an orc wizard.

Vanquished Creatures
  2 orc priests (D:3)
  7 adders
  2 giant mites
  7 worms
  3 giant geckos
  3 oozes
  5 orcs (D:3)
  2 ball pythons
  3 giant cockroaches
  9 goblins
  11 hobgoblins
  2 quokkas
  3 bats
  3 giant newts
  10 jackals
  13 kobolds
  7 rats
92 creatures vanquished.

Notes
Turn   | Place    | Note
--------------------------------------------------------------
     0 | D:1      | teebee, the Hill Orc Fighter, began the quest for the Orb.
     0 | D:1      | Reached XP level 1. HP: 19/19 MP: 1/1
   171 | D:1      | Reached XP level 2. HP: 18/27 MP: 2/2
   205 | D:1      | Reached skill level 4 in Fighting
   435 | D:1      | Reached XP level 3. HP: 26/34 MP: 3/3
   811 | D:1      | Reached skill level 5 in Fighting
  1064 | D:2      | Reached XP level 4. HP: 23/42 MP: 4/4
  1344 | D:2      | Reached XP level 5. HP: 48/48 MP: 5/5
  2326 | D:3      | Reached skill level 6 in Fighting
  2326 | D:3      | Reached XP level 6. HP: 42/57 MP: 6/6
  2552 | D:3      | Succumbed to an orc wizard's poison

Action                   |  1- 3 |  4- 6 || total
-------------------------+-------+-------++-------
Melee: Long sword        |   119 |   256 ||   375
  Use: Scroll            |       |     2 ||     2
       Potion            |       |     1 ||     1
  Eat: Chunk             |       |     5 ||     5
